 Dungeon Crawl Stone Soup version 0.18.1-50-g88ac8fd (webtiles) character file.

656 Aramant the Ducker (level 7, -24/60 HPs)
             Began as a Green Draconian Berserker on Sept 28, 2016.
             Was a Believer of Trog (penitent).
             Killed by the fiery rage of Trog (51 damage)
             ... on level 4 of the Dungeon.
             The game lasted 00:31:40 (4262 turns).

Aramant the Ducker (Green Draconian Berserker)      Turns: 4262, Time: 00:31:40

Health: -24/60     AC:  6    Str: 20    XL:     7   Next: 29%
Magic:  7/7        EV: 15    Int:  7    God:    Trog [*]
Gold:   160        SH:  0    Dex: 12    Spells: 1 memorised, 5 levels left

rFire  . . .     SeeInvis .     a - +0 spear
rCold  . . .     Gourm    .     (armour unavailable)
rNeg   . . .     Faith    .     (no shield)
rPois  +         Spirit   .     (helmet restricted)
rElec  .         Dismiss  .     (no cloak)
rCorr  .         Reflect  .     (no gloves)
SustAt .         Harm     .     (no boots)
MR     .....                    (no amulet)
Stlth  ++........               (no ring)
                                (no ring)

@: not resistant to hostile enchantments, unstealthy
A: breathe noxious fumes, unfitting armour, mutation resistance 1, poison
resistance, cold-blooded, AC +6
a: Breathe Noxious Fumes, Burn Spellbooks, Renounce Religion


You were on level 4 of the Dungeon.
You worshipped Trog.
Trog was demanding penance.
You were not hungry.

You visited 1 branch of the dungeon, and saw 4 of its levels.

You collected 160 gold pieces.

Inventory:

Hand Weapons
 a - a +0 spear (weapon)
Scrolls
 b - a scroll of immolation
 k - a scroll of recharging
Potions
 d - a potion of magic
 f - 4 potions of brilliance
 j - a potion of ambrosia
Comestibles
 g - 4 bread rations
 h - 2 meat rations


   Skills:
 + Level 4.7 Fighting
 + Level 4.2 Polearms
 + Level 6.5 Dodging
 + Level 1.4 Stealth


You had 5 spell levels left.
You knew the following spells:

 Your Spells              Type           Power        Failure   Level  Hunger
a - Beastly Appendage     Trmt           #.....       47%         1    ##.....


Dungeon Overview and Level Annotations

Branches:
Dungeon (4/15)
 Temple: D:4-7

Altars:
Nemelex Xobeh
Pakellas
Ru
Vehumet
Xom
Yredelemnul

Shops:
D:3 }


Innate Abilities, Weirdness & Mutations

You can breathe blasts of noxious fumes.
Your lurid green scales are hard (AC +6).
Your body does not fit into most forms of armour.
Your system is resistant to poisons.
You are cold-blooded and may be slowed by cold attacks.
You are somewhat resistant to further mutation.


Message History

HP restored.
Eat which item? (? for menu, Esc to quit)
Mmmm...
Yummy banana.
There is a stone staircase leading down here.
Found a scroll of immolation.
You see here a scroll of immolation.
You see here a scroll of immolation.
b - a scroll of immolation You see here 16 sling bullets.
You start waiting.
You feel Trog's fiery rage upon you!
There is a sudden and violent explosion of flames!
The fireball engulfs you!
Ouch! That really hurt!
You start resting.
You feel Trog's fiery rage upon you!
There is a sudden and violent explosion of flames!
The fireball engulfs you!
Ouch! That really hurt!
You die...

#..................######.#
#.######.#.#.#.##..######.##
######.# #.##...###...........
.......# #.###.## ##.####.....
######### #.# #)# #.####.#.#.
........# #.# #.# #<.........
###.###.# #.# #.# ######.#... #
#.# #.#####.###.##########.....
###'###.........@..............(.
###_')..#####.##.############....
###'###.# #.##.########## ##... #
#.# #.## #.............# ##..
###.###..# ####.########.# #..
.........# #...#######.# ##.#
.........# #...........####..†
.......(## #...######.........
...####.# ##### #######...


There were no monsters in sight!

Vanquished Creatures
  Eustachio (D:4)
  Purgy (D:2)
  An ogre (D:3)
  2 scorpions (D:4)
  2 orc wizards (D:4)
  A worker ant (D:4)
  A hound skeleton (D:4)
  5 adders
  An ooze (D:3)
  2 worms (D:2)
  2 dart slugs
  2 giant geckos
  13 orcs
  5 bats
  5 giant cockroaches
  7 goblins
  9 hobgoblins
  12 jackals
  2 giant newts
  A kobold (D:3)
  A quokka skeleton (D:4)
  4 rats
80 creatures vanquished.

Vanquished Creatures (others)
  A bat (D:3)
1 creature vanquished.

Grand Total: 81 creatures vanquished

Notes
Turn   | Place    | Note
--------------------------------------------------------------
     0 | D:1      | Aramant the Draconian Berserker began the quest for the Orb.
     0 | D:1      | Reached XP level 1. HP: 19/19 MP: 1/1
     2 | D:1      | Noticed a merfolk zombie
     7 | D:1      | Noticed a vampire
     8 | D:1      | Noticed a centaur
    10 | D:1      | Noticed a ghoul
    12 | D:1      | Noticed a felid
   269 | D:1      | Reached XP level 2. HP: 26/26 MP: 2/2
   764 | D:2      | Reached skill level 3 in Dodging
   764 | D:2      | Reached XP level 3. HP: 32/33 MP: 3/3
   988 | D:2      | Reached ** piety under Trog
  1585 | D:2      | Reached XP level 4. HP: 26/40 MP: 4/4
  1799 | D:3      | Noticed Purgy
  1868 | D:3      | Gained mutation: You are somewhat resistant to further mutation. [potion of mutation]
  1886 | D:3      | Noticed an ogre
  2100 | D:2      | Killed Purgy
  2100 | D:2      | Reached skill level 4 in Dodging
  2100 | D:2      | Reached skill level 1 in Stealth
  2100 | D:2      | Reached XP level 5. HP: 26/46 MP: 5/5
  2318 | D:3      | Found a radiant altar of Vehumet.
  2318 | D:3      | Found a basalt altar of Yredelemnul.
  2384 | D:3      | Found an oddly glowing altar of Pakellas.
  2384 | D:3      | Found Pakellas's Prime Provisions.
  2460 | D:3      | Killed an ogre
  2460 | D:3      | Reached skill level 5 in Dodging
  2460 | D:3      | Reached XP level 6. HP: 53/53 MP: 6/6
  2528 | D:3      | Found a sparkling altar of Nemelex Xobeh.
  2609 | D:3      | Found a sacrificial altar of Ru.
  3261 | D:4      | Found a shimmering altar of Xom.
  3318 | D:4      | Noticed Eustachio
  3381 | D:4      | Killed Eustachio
  3608 | D:4      | Reached skill level 6 in Dodging
  3608 | D:4      | Your scales start taking on a lurid green colour.
  3608 | D:4      | Reached XP level 7. HP: 31/60 MP: 7/7
  3608 | D:4      | Gained mutation: Your system is resistant to poisons. [Green Draconian growth]
  3909 | D:4      | Was placed under penance by Trog
  3911 | D:4      | Learned a level 1 spell: Beastly Appendage
  4262 | D:4      | Killed by the fiery rage of Trog

Skill      XL: |  1  2  3  4  5  6 |
---------------+-------------------+-----
Dodging        | 3 4 5 6 |  6.5
Fighting       | 4 |  4.7
Stealth        | 1 |  1.4
Polearms       | 4 |  4.2

Action                   |  1- 3 |  4- 6 |  7- 9 || total
-------------------------+-------+-------+-------++-------
Melee: Spear             |   143 |   252 |    46 ||   441
       Tailslap          |    26 |    23 |     9 ||    58
Invok: Trog's Hand       |       |     6 |       ||     6
       Berserk           |       |     3 |       ||     3
       Burn Spellbooks   |       |       |     1 ||     1
  Use: Scroll            |     4 |     3 |     1 ||     8
       Potion            |       |     5 |     1 ||     6
 Stab: Sleeping          |       |     1 |       ||     1
  Eat: Bread ration      |     1 |     1 |       ||     2
       Fruit             |       |     1 |     2 ||     3
       Royal jelly       |       |     1 |       ||     1
       Chunk             |       |       |     1 ||     1
Armor: Skin              |    52 |   204 |     5 ||   261
Dodge: Dodged            |   116 |   293 |    22 ||   431
